 Dungeon Sprint DCSS version 0.21-a0-91-ga5031da (webtiles) character file.

3781 Kidiri the Unseen (level 9, 0/48 HPs)
             Began as a Spriggan Enchanter on June 30, 2017.
             Was a Believer of Dithmenos.
             Succumbed to something's dark miasma
             ... in the Dungeon (Sprint II: "The Violet Keep of Menkaure").
             The game lasted 00:09:20 (1444 turns).

Kidiri the Unseen (Spriggan Enchanter)              Turns: 1444, Time: 00:09:20

Health: 0/48       AC:  2    Str:  4    XL:     9   Next: 95%
Magic:  26/26      EV: 31    Int: 18    God:    Dithmenos [**....]
Gold:   630        SH:  0    Dex: 18    Spells: 20/32 levels left

rFire    + . .     SeeInvis +   a - +1 dagger
rCold    + . .     Gourm    .   (shield restricted)
rNeg     . . .     Faith    .   b - +0 robe
rPois    .         Spirit   .   (helmet restricted)
rElec    .         Reflect  +   e - scarf {rC+ rF+}
rCorr    .         Harm     .   (gloves unavailable)
MR       +....     NoTele   +   (boots unavailable)
Stlth    +++.......             i - +4 amulet of reflection
HPRegen  0.16/turn              (no ring)
MPRegen  0.20/turn              (no ring)

@: confused, lethally poisoned (0 -> -26), wreathed by umbra, very quick
A: unfitting armour, see invisible, herbivore 3, speed 3, slow metabolism 2
a: Shadow Step, Renounce Religion


You were in the Dungeon.
You worshipped Dithmenos.
Dithmenos was pleased with you.
You were not hungry.

You visited 1 branch You collected 1181 gold pieces.
You spent 551 gold pieces at shops.

Inventory:

Hand Weapons
 a - a +1 dagger (weapon)
Armour
 b - a +0 robe (worn)
 e - a scarf of resistance (worn)
Jewellery
 i - a +4 amulet of reflection (around neck)
Scrolls
 f - 2 scrolls of amnesia {unknown}
 j - 3 scrolls of blinking
 n - 4 scrolls of remove curse
 s - 2 scrolls of immolation {unknown}
Potions
 g - a potion of haste
 h - 4 potions of magic
 l - a potion of might
 m - a potion of lignification
 q - 3 potions of flight {unknown}
 t - 3 potions of resistance {unknown}
Books
 c - a book of Maledictions

   Spells                             Type                      Level
   a - Corona                         Hexes                        1
   b - Ensorcelled Hibernation        Hexes/Ice                    2
   c - Confuse                        Hexes                        3
   d - Tukima's Dance                 Hexes                        3
   e - Dazzling Spray                 Conjuration/Hexes            3
Comestibles
 d - 2 bread rations
 p - 4 fruits


   Skills:
 + Level 5.8 Fighting
 * Level 10.9 Short Blades
 + Level 5.2 Armour
 * Level 13.9 Dodging
 * Level 15.1 Stealth
 * Level 12.0 Spellcasting
 + Level 9.3 Hexes


You had 20 spell levels left.
You knew the following spells:

 Your Spells              Type           Power        Failure   Level  Hunger
a - Corona                Hex            #####..      1%          1    None
b - Ensorcelled Hibernat  Hex/Ice        ####..       1%          2    None
c - Confuse               Hex            #####...     1%          3    None
d - Tukima's Dance        Hex            #####...     1%          3    None
e - Dazzling Spray        Conj/Hex       ####..       2%          3    None


Dungeon Overview and Level Annotations

Branches:
Dungeon (1/1)

Altars:
Cheibriados
Dithmenos
Elyvilon
Fedhas
Gozag
Hepliaklqana
Kikubaaqudgha
Makhleb
Nemelex Xobeh
Okawaru
Qazlal
Ru
Sif Muna
Trog
Uskayaw
Vehumet
Wu Jian
Xom
Yredelemnul
Zin
The Shining One
Beogh
Jiyva
Lugonu

Shops:
D :!!!:=[?*=?}[(%:

Annotations:
D exclusion: oklob plant


Innate Abilities, Weirdness & Mutations

You are very small and have problems with some larger weapons.
You are too small for most types of armour.
You have supernaturally acute eyesight. (SInv)
You are a herbivore.
You cover ground extremely quickly.
You need consume almost no food.


Message History

You feel sick. The death drake misses you. The swamp drake misses you.
The death drake closely misses you.
Unknown command.
Unknown command.
Unknown command.
You bump into the stone wall.
You are engulfed in noxious fumes.
You choke on the stench!
You are more confused.
The death drake misses you. The swamp drake completely misses you.
Unknown command.
You bump into the stone wall.
You feel sick. The death drake completely misses you.
The swamp drake completely misses you.
Unknown command.
The death drake breathes miasma at you. The foul vapour misses you.
Unknown command.
You are engulfed in dark miasma.
You are lethally poisoned!
* * * LOW HITPOINT WARNING * * *
You die...

.§...§..## ▓▓+▓▓▓▓.▓
§§§8.§...##++# +.§.▓0..▓ §§.§§..
...## #..§▓▓▓▓▓▓▓▓▓▓ ....
....###§§§▓≈≈≈§§§§≈▓▓ +++#+++##
...#!##|[▓▓▓▓▓▓▓▓▓▓▓ ........#
..#.†#[§▓[.)..[))▓▓ .##+##..#
#§#kk#§:▓(...()..▓▓ ##...##.####
+§##§#=§▓......(.▓▓ #.)#..#....#
#§@§####▓.......(▓▓ ##...####..##
##§§##)#▓([([.).[▓▓ ###'###.##..#
+§§#..#▓)..)(%)%▓▓ ###.###..#..#
#§.#%.#▓.!.....%▓▓
#'.<.'.##+..####..##.#▓.(%(....▓▓
.##.###..#....###...##▓▓▓▓▓▓▓'▓▓▓
###'###.##......≈≈≈≈≈≈≈≈≈≈≈≈≈...X
##.#.####§≈.....≈#+########+###.≈
#%###.#≈≈§§≈≈≈..≈#....._..#t≈§##≈


There were no monsters in sight!

Vanquished Creatures
  A crystal guardian (D)
  A death drake (D)
  A merfolk siren (D)
  A yaktaur (D)
  3 polar bears (D)
  A hornet (D)
  2 hippogriffs (D)
  4 neqoxecs (D)
  Menkaure (D)
  A swamp drake (D)
  A scorpion (D)
  4 worker ants (D)
  4 tentacles (D)
25 creatures vanquished.

Vanquished Creatures (others)
  A crocodile (D)
  10 tentacles (D)
11 creatures vanquished.

Grand Total: 36 creatures vanquished

Notes
Turn   | Place    | Note
-------+----------+-------------------------------------------
     0 | D        | Kidiri the Spriggan Enchanter began the quest for the Orb.
     0 | D        | Reached XP level 1. HP: 9/9 MP: 5/5
     1 | D        | Noticed a neqoxec
     5 | D        | Noticed a merfolk siren
     9 | D        | Noticed a hippogriff
     9 | D        | Noticed a hippogriff
    13 | D        | Noticed a worker ant
    13 | D        | Noticed a worker ant
    23 | D        | Killed a worker ant
    23 | D        | Reached skill level 1 in Fighting
    23 | D        | Reached skill level 5 in Stealth
    23 | D        | Reached XP level 2. HP: 7/14 MP: 4/8
    29 | D        | Reached skill level 1 in Armour
    29 | D        | Reached skill level 5 in Dodging
    29 | D        | Reached skill level 6 in Stealth
    29 | D        | Reached XP level 3. HP: 3/18 MP: 4/9
    34 | D        | Killed a crocodile
    64 | D        | Learned a level 2 spell: Ensorcelled Hibernation
    68 | D        | Learned a level 3 spell: Confuse
    72 | D        | Learned a level 3 spell: Tukima's Dance
    77 | D        | Reached XP level 4. HP: 19/22 MP: 9/11
    81 | D        | Reached skill level 7 in Stealth
    81 | D        | Reached skill level 5 in Spellcasting
    92 | D        | Learned a level 3 spell: Dazzling Spray
   144 | D        | Killed a hippogriff
   144 | D        | Reached skill level 5 in Short Blades
   144 | D        | Reached skill level 9 in Stealth
   144 | D        | Reached skill level 5 in Hexes
   144 | D        | Reached XP level 5. HP: 10/27 MP: 5/15
   144 | D        | Reached XP level 6. HP: 12/32 MP: 5/17
   344 | D        | Killed a hippogriff
   344 | D        | Reached skill level 10 in Stealth
   365 | D        | Killed a merfolk siren
   365 | D        | Reached skill level 10 in Dodging
   365 | D        | Reached skill level 11 in Stealth
   365 | D        | Reached XP level 7. HP: 37/37 MP: 18/20
   394 | D        | Found Fobaqyub's Magic Scroll Shop.
   394 | D        | Noticed a neqoxec
   394 | D        | Noticed a neqoxec
   396 | D        | Killed a neqoxec
   397 | D        | Noticed a neqoxec
   401 | D        | Killed a neqoxec
   401 | D        | Reached skill level 12 in Stealth
   401 | D        | Reached XP level 8. HP: 42/42 MP: 15/22
   407 | D        | Found Kiatodoi's Assorted Antiques.
   407 | D        | Found Suwaosche's Magic Scroll Shop.
   407 | D        | Found Ilyec's Antique Weapon Shop.
   407 | D        | Found Okizes's Antique Armour Boutique.
   413 | D        | Found Kuykewky's Book Shop.
   413 | D        | Found Imabib's Antique Armour Boutique.
   413 | D        | Found Emimoc's Gadget Shop.
   523 | D        | Noticed an obsidian statue
   525 | D        | Noticed Menkaure
   527 | D        | Killed Menkaure
   527 | D        | Reached skill level 10 in Spellcasting
   544 | D        | Noticed an orange crystal statue
   549 | D        | Found Aceofun's Food Boutique.
   551 | D        | Found Liphinoi's Jewellery Shop.
   558 | D        | Found Wofijoing's Jewellery Boutique.
   558 | D        | Found Heixot's Book Shop.
   561 | D        | Found Widemu's Distillery.
   561 | D        | Found Poil's Distillery.
   562 | D        | Found Ifutaquo's Distillery.
   562 | D        | Noticed a hippogriff
   565 | D        | Noticed a hippogriff
   566 | D        | Noticed a hippogriff
   566 | D        | Noticed an oklob plant
   567 | D        | Found Syav's Book Shoppe.
   568 | D        | Noticed a fire dragon
   602 | D        | Bought a glowing scarf for 200 gold pieces
   613 | D        | Bought a +4 amulet of reflection for 351 gold pieces
   645 | D        | Found a blossoming altar of Fedhas.
   654 | D        | Found a white marble altar of Elyvilon.
   655 | D        | Found a shadowy altar of Dithmenos.
   655 | D        | Found a corrupted altar of Lugonu.
   655 | D        | Found an opulent altar of Gozag.
   655 | D        | Found a burning altar of Makhleb.
   656 | D        | Found a snail-covered altar of Cheibriados.
   656 | D        | Found an ancient bone altar of Kikubaaqudgha.
   656 | D        | Found a bloodstained altar of Trog.
   657 | D        | Found a roughly hewn altar of Beogh.
   657 | D        | Found a viscous altar of Jiyva.
   657 | D        | Found a deep blue altar of Sif Muna.
   658 | D        | Found a hazy altar of Hepliaklqana.
   658 | D        | Found a sacrificial altar of Ru.
   659 | D        | Found a shimmering altar of Xom.
   660 | D        | Found a stormy altar of Qazlal.
   660 | D        | Found an ornate altar of the Wu Jian Council.
   660 | D        | Found a sparkling altar of Nemelex Xobeh.
   660 | D        | Found a hide-covered altar of Uskayaw.
   660 | D        | Found a basalt altar of Yredelemnul.
   660 | D        | Found a glowing golden altar of the Shining One.
   660 | D        | Noticed a hornet
   660 | D        | Noticed a polar bear
   661 | D        | Noticed a polar bear
   661 | D        | Found a radiant altar of Vehumet.
   661 | D        | Found an iron altar of Okawaru.
   661 | D        | Found a glowing silver altar of Zin.
   661 | D        | Noticed a yaktaur
   666 | D        | Became a worshipper of Dithmenos the Shadowed
   681 | D        | Killed a polar bear
   681 | D        | Reached skill level 13 in Stealth
   691 | D        | Killed a polar bear
   695 | D        | Killed a hornet
   695 | D        | Reached * piety under Dithmenos
   695 | D        | Reached skill level 5 in Fighting
   695 | D        | Reached XP level 9. HP: 47/47 MP: 10/24
   708 | D        | Noticed a polar bear
   716 | D        | Killed a polar bear
   719 | D        | Killed a yaktaur
   719 | D        | Reached skill level 10 in Short Blades
   719 | D        | Reached skill level 14 in Stealth
   789 | D        | Noticed a kraken
  1402 | D        | Noticed a death drake
  1407 | D        | Noticed a death drake
  1407 | D        | Noticed a crystal guardian
  1408 | D        | Reached ** piety under Dithmenos
  1410 | D        | Killed a death drake
  1410 | D        | Reached skill level 5 in Armour
  1411 | D        | Killed a crystal guardian
  1411 | D        | Reached skill level 15 in Stealth
  1444 | D        | HP: 1/48 [something] (6)]
  1444 | D        | Succumbed to something's dark miasma

Vault maps used:
D:        the_violet_keep_of_menkaure

Skill      XL: |  1  2  3  4  5  6  7  8  9 |
---------------+----------------------------+-----
Fighting       | 1 2 3 4 5 |  5.8
Short Blades   | 2 3 5 7 8 9 10 | 10.9
Dodging        | 4 5 8 10 11 12 13 | 13.9
Stealth        | 5 6 9 11 12 13 15 | 15.1
Spellcasting   | 4 7 9 10 12 | 12.0
Hexes          | 4 5 7 8 9 |  9.3
Armour         | 1 2 3 4 5 |  5.2

Action                   |  1- 3 |  4- 6 |  7- 9 || total
-------------------------+-------+-------+-------++-------
Melee: Dagger            |    12 |     5 |    89 ||   106
 Cast: Corona            |     2 |       |       ||     2
       Ensorcelled Hiber |       |     4 |    15 ||    19
       Confuse           |       |     1 |     5 ||     6
       Dazzling Spray    |       |       |    13 ||    13
  Use: Potion            |     2 |       |     3 ||     5
       Scroll            |       |       |     5 ||     5
 Stab: Sleeping          |     1 |     4 |     8 ||    13
       Confused          |       |       |     7 ||     7
       Invisible         |       |       |     7 ||     7
Armor: Robe              |       |     1 |     2 ||     3
Dodge: Dodged            |     7 |     7 |    95 ||   109
Block: Other             |       |       |     6 ||     6
